[Event "RUS-ch Blitz 2021"]
[Site "Sochi"]
[Date "2021.10.11"]
[Round "2.4"]
[White "Lysyj, Igor"]
[Black "Bryakin, Mikhail"]
[Result "1/2-1/2"]
[ECO "D23"]
[WhiteElo "2603"]
[BlackElo "2498"]
[Annotator "ChessBase"]
[PlyCount "79"]
[EventDate "2021.10.11"]
[EventType "blitz"]
[EventCountry "RUS"]
[SourceTitle "playchess.com"]
[Source "ChessBase"]
[SourceQuality "1"]
[TimeControl "180+2"]

1. d4 d5 2. c4 c6 3. Nf3 Nf6 4. Qb3 dxc4 5. Qxc4 Bf5 6. g3 e6 7. Bg2 Nbd7 8. O-O Be7 9. Qb3 Qb6 10. Nbd2 Qxb3 11. axb3 Ne4 12. Nc4 a6 13. Nfe5 Nxe5 14. Nxe5 f6 15. Nc4 Nd6 16. Na5 O-O-O 17. Be3 Be4 18. Bh3 Bf5 19. Bg2 Be4 20. f3 Bg6 21. Bf2 Nb5 22. e3 Bd6 23. Rfc1 Bc7 24. Nc4 Kb8 25. f4 Rhe8 26. Be1 e5 27. dxe5 fxe5 28. Ba5 Bxa5 29. Rxa5 exf4 30. gxf4 Be4 31. Bxe4 Rxe4 32. Kf2 Rd5 33. Raa1 g5 34. Kf3 Re6 35. Rd1 gxf4 36. Kxf4 Rf6+ 37. Kg4 Rg6+ 38. Kf4 Rf6+ 39. Kg4 Rg6+ 40. Kf4 1/2-1/2

[Event "RUS-ch Blitz 2021"]
[Site "Sochi"]
[Date "2021.10.11"]
[Round "2.5"]
[White "Radzhabov, Rodion"]
[Black "Sjugirov, Sanan"]
[Result "0-1"]
[ECO "A05"]
[WhiteElo "2361"]
[BlackElo "2663"]
[Annotator "ChessBase"]
[PlyCount "82"]
[EventDate "2021.10.11"]
[EventType "blitz"]
[EventCountry "RUS"]
[SourceTitle "playchess.com"]
[Source "ChessBase"]
[SourceQuality "1"]
[TimeControl "180+2"]

1. Nf3 Nf6 2. g3 b5 3. Bg2 Bb7 4. O-O e6 5. d3 c5 6. e4 d6 7. b3 Nc6 8. Bb2 Be7 9. Nbd2 Qc7 10. Qe2 O-O 11. Rfe1 Nd7 12. c4 a6 13. d4 cxd4 14. Nxd4 Nxd4 15. Bxd4 Bc6 16. Rac1 Qb7 17. Qe3 Rfc8 18. h4 h6 19. Red1 Rc7 20. Kh2 Rac8 21. f3 Qa8 22. Bf1 Bf8 23. Be2 Qb7 24. Bf1 a5 25. cxb5 Bxb5 26. Rxc7 Rxc7 27. Nc4 a4 28. Ba1 axb3 29. axb3 Qa6 30. Bb2 Rc8 31. Kg2 Qc6 32. Rc1 Qa6 33. Rd1 Rb8 34. Qd4 Qc6 35. Rc1 e5 36. Qd2 Nc5 37. Qc3 Qa6 38.
Ne3 Bxf1+ 39. Nxf1 Rxb3 40. Qc2 Qa2 41. Rb1 Na4 0-1

[Event "RUS-ch Blitz 2021"]
[Site "Sochi"]
[Date "2021.10.11"]
[Round "2.6"]
[White "Tsydypov, Zhamsaran"]
[Black "Gubsky, Egor"]
[Result "1-0"]
[ECO "B30"]
[WhiteElo "2526"]
[BlackElo "2339"]
[Annotator "ChessBase"]
[PlyCount "65"]
[EventDate "2021.10.11"]
[EventType "blitz"]
[EventCountry "RUS"]
[SourceTitle "playchess.com"]
[Source "ChessBase"]
[SourceQuality "1"]
[TimeControl "180+2"]

1. e4 c5 2. Nf3 Nc6 3. Bb5 e6 4. Bxc6 bxc6 5. Qe2 Ne7 6.
d3 f6 7. h4 h5 8. e5 d6 9. exd6 Nf5 10. Nbd2 Bxd6 11. Ne4 e5 12. c3 Ba6 13. O-O Be7 14. Rd1 Qd5 15. b3 Rd8 16. c4 Qd7 17. Ba3 Nd4 18.
Nxd4 cxd4 19. Bxe7 Qxe7 20. c5 Bc8 21. Nd6+ Kf8 22. Qe4 Qc7 23.
f4 Rxd6 24. cxd6 Qxd6 25. Rac1 Bd7 26. fxe5 Qxe5 27. Qxe5 fxe5 28. Re1 Bf5 29. Rxe5 g6 30. Rxc6 Bxd3 31. Rc8+ Kg7 32. Rxh8 Kxh8 33. Rd5 1-0

[Event "RUS-ch Blitz 2021"]
[Site "Sochi"]
[Date "2021.10.11"]
[Round "2.7"]
[White "Grachev, Boris"]
[Black "Gochelashvili, David"]
[Result "1-0"]
[ECO "A46"]
[WhiteElo "2615"]
[BlackElo "2400"]
[Annotator "ChessBase"]
[PlyCount "79"]
[EventDate "2021.10.11"]
[EventType "blitz"]
[EventCountry "RUS"]
[SourceTitle "playchess.com"]
[Source "ChessBase"]
[SourceQuality "1"]
[TimeControl "180+2"]

1. d4 Nf6 2. Nf3 d6 3. Bf4 Nh5 4. Bc1 g6 5. c3 Bg7 6. e4 O-O 7. h3 b6 8. Bd3 Bb7 9. O-O Nd7 10. Re1 e5 11. a4 a5 12. Na3 Re8 13.
Bg5 Bf6 14. Bd2 Nf8 15. d5 Nf4 16. Bb5 Nd7 17. Qc1 Nh5 18.
Nc4 Ba6 19. Bxa6 Rxa6 20. Qc2 Qa8 21. Na3 Qc8 22. Nb5 Ra8 23.
b4 Rf8 24. Qd3 Nf4 25. Qc4 Bd8 26. Bxf4 exf4 27. bxa5 bxa5 28. e5 dxe5 29. Nxe5 Nxe5 30. Rxe5 Bf6 31. Re4 f3 32. g4 Qd7 33. Rf4 Be5 34. Rxf3 Rad8 35. Re1 Rfe8 36. Rfe3 f6 37. d6+ Kg7 38. Qxc7 Qxc7 39. dxc7 Rc8 40. f4 1-0

[Event "RUS-ch Blitz 2021"]
[Site "Sochi"]
[Date "2021.10.11"]
[Round "2.8"]
[White "Smagin, Sergey"]
[Black "Alekseev, Evgeny"]
[Result "1/2-1/2"]
[ECO "B22"]
[WhiteElo "2551"]
[BlackElo "2602"]
[Annotator "ChessBase"]
[PlyCount "94"]
[EventDate "2021.10.11"]
[EventType "blitz"]
[EventCountry "RUS"]
[SourceTitle "playchess.com"]
[Source "ChessBase"]
[SourceQuality "1"]
[TimeControl "180+2"]

1. e4 c5 2. c3 d5 3. exd5 Qxd5 4. d4 e6 5. Nf3 Nf6 6. Be3 cxd4 7. cxd4 Be7 8. Nc3 Qd8 9. Bd3 O-O 10. Qc2 Nbd7 11. a4 b6 12. O-O Bb7 13.
Ne5 Rc8 14. Rad1 Bd6 15. f4 g6 16. Qe2 Nd5 17. Nxd5 Bxd5 18. Ba6 Rc7 19. Rc1 Nf6 20. Rxc7 Qxc7 21. Rc1 Qe7 22. Bf2 Ne4 23. Be1 f6 24. Nc6 Qg7 25. Bd3 Bxf4 26. Rc2 f5 27. Bb4 Re8 28. g3 Bxc6 29. Rxc6 Qxd4+ 30. Kg2 Qxb4 31. gxf4 Re7 32. Bxe4 Qxe4+ 33. Qxe4 fxe4 34. Kf2 Kf7 35. Ke3 Rd7 36. Kxe4 Kf6 37. b4 h5 38. h4 Rd1 39. Rc7 Rb1 40. b5 Rb4+ 41. Kf3 Rxa4 42. Rb7 Ra3+ 43. Ke4 Ra5 44. Kf3 Rxb5 45. Rxa7 Rb3+ 46. Ke4 Rh3 47. Rb7 Rxh4 1/2-1/2

[Event "RUS-ch Blitz 2021"]
[Site "Sochi"]
[Date "2021.10.11"]
[Round "2.9"]
[White "Timofeev, Artyom"]
[Black "Dudin, Gleb"]
[Result "1-0"]
[ECO "A28"]
[WhiteElo "2586"]
[BlackElo "2438"]
[Annotator "ChessBase"]
[PlyCount "76"]
[EventDate "2021.10.11"]
[EventType "blitz"]
[EventCountry "RUS"]
[SourceTitle "playchess.com"]
[Source "ChessBase"]
[SourceQuality "1"]
[TimeControl "180+2"]

1. c4 e5 2. e3 Nf6 3. Nc3 Nc6 4. d3 Bb4 5. Bd2 O-O 6. Nf3 Re8 7. Be2 Bf8 8.
O-O d5 9. cxd5 Nxd5 10. a3 g6 11. Rc1 Bg7 12. b4 a6 13.
Qc2 h6 14. Ne4 Kh7 15. Rfd1 f5 16. Nc5 Na7 17. e4 Nf6 18. Bc3 b6 19. Nb3 Qd6 20. d4 Nxe4 21. dxe5 Qe7 22. Bb2 c6 23. Nbd4 Bd7 24. Bd3 Ng5 25. Re1 Nxf3+ 26. Nxf3 Be6 27. Nd4 Bd5 28. f4 Qb7 29. Bxf5 gxf5 30. Nxf5 Kg8 31. Nd6 Qd7 32. Nxe8 Rxe8 33. f5 Nb5 34. a4 Nc7 35. Rcd1 Qf7 36. Rd4 Rc8 37. Rg4 Kf8 38. e6 Ra8 1-0

[Event "RUS-ch Blitz 2021"]
[Site "Sochi"]
[Date "2021.10.11"]
[Round "2.10"]
[White "Rodin, Dmitrij"]
[Black "Kobalia, Mikhail"]
[Result "0-1"]
[ECO "B12"]
[WhiteElo "2359"]
[BlackElo "2600"]
[Annotator "ChessBase"]
[PlyCount "74"]
[EventDate "2021.10.11"]
[EventType "blitz"]
[EventCountry "RUS"]
[SourceTitle "playchess.com"]
[Source "ChessBase"]
[SourceQuality "1"]
[TimeControl "180+2"]

1. e4 c6 2. d4 d5 3. e5 Bf5 4. Nd2 e6 5. Nb3 Ne7 6. Nf3 h6 7. Be2 Nd7 8. O-O Qc7 9. a4 a6 10. Bd2 c5 11. Nxc5 Nxc5 12. dxc5 Qxc5 13. Be3 Qc7 14. Qd2 Bg4 15. c4 dxc4 16. Rfc1 Bxf3 17. Bxf3 Ng6 18. Qd4 Nxe5 19. Bxb7 Rd8 20. Qb6 Qxb6 21. Bxb6 Rb8 22. Bc7 Rxb7 23. Bxe5 f6 24. Bg3 e5 25. Rxc4 Kf7 26. Rc6 Rxb2 27. Rxa6 Bc5 28. h4 h5 29. Rd1 Bd4 30. Rc1 Rhb8 31. Rc7+ Kg6 32. Rd6 Rd2 33. Rdd7 Rb1+ 34. Kh2 Rdd1 35. Rxg7+ Kf5 36. Bxe5 Bxe5+ 37. g3 Bxc7 0-1

[Event "RUS-ch Blitz 2021"]
[Site "Sochi"]
[Date "2021.10.11"]
[Round "2.11"]
[White "Kokarev, Dmitry"]
[Black "Pershin, Denis"]
[Result "1-0"]
[ECO "B19"]
[WhiteElo "2579"]
[BlackElo "2388"]
[Annotator "ChessBase"]
[PlyCount "61"]
[EventDate "2021.10.11"]
[EventType "blitz"]
[EventCountry "RUS"]
[SourceTitle "playchess.com"]
[Source "ChessBase"]
[SourceQuality "1"]
[TimeControl "180+2"]

1. e4 c6 2. d4 d5 3. Nc3 dxe4 4. Nxe4 Bf5 5. Ng3 Bg6 6. h4 h6 7. Nf3 Nd7 8. h5 Bh7 9. Bd3 Bxd3 10. Qxd3 e6 11. Bd2 Ngf6 12. O-O-O Be7 13. Ne4 O-O 14. Nxf6+ Nxf6 15. g4 Nxg4 16. Qe2 f5 17. Qxe6+ Rf7 18.
Ne5 Nxe5 19. dxe5 Qe8 20. Rhg1 Bg5 21. Qxe8+ Rxe8 22. f4 Bd8 23. Be3 Bc7 24. c4 Kh7 25. Rg6 a6 26. Kc2 Rd8 27. Rxd8 Bxd8 28. Bc5 Kg8 29. e6 Rc7 30. Bd6 c5 31. Bxc7 1-0

[Event "RUS-ch Blitz 2021"]
[Site "Sochi"]
[Date "2021.10.11"]
[Round "2.12"]
[White "Smirnov, Timofey"]
[Black "Iljiushenok, Ilia"]
[Result "1-0"]
[ECO "B92"]
[WhiteElo "2409"]
[BlackElo "2554"]
[Annotator "ChessBase"]
[PlyCount "73"]
[EventDate "2021.10.11"]
[EventType "blitz"]
[EventCountry "RUS"]
[SourceTitle "playchess.com"]
[Source "ChessBase"]
[SourceQuality "1"]
[TimeControl "180+2"]

1. e4 c5 2. Nf3 d6 3. d4 cxd4 4. Nxd4 Nf6 5. Nc3 a6 6. Be2 e5 7. Nb3 Be7 8. Be3 O-O 9. O-O Be6 10. Nd5 Nbd7 11. Qd3 Bxd5 12. exd5 Qb8 13. c4 Rc8 14. Rac1 a5 15. Nd2 Bd8 16. Ne4 Nxe4 17. Qxe4 Bb6 18. Qf5 Rc7 19. Bxb6 Nxb6 20. c5 Rxc5 21. Rxc5 dxc5 22. f4 e4 23. Qxe4 Qd6 24. Bf3 Rd8 25. Rc1 g6 26. Qe5 c4 27. Qxd6 Rxd6 28. Kf2 Nxd5 29. Rd1 Rb6 30. Bxd5 Rxb2+ 31. Ke3 b5 32. a4 bxa4 33. Ra1 c3 34. Rxa4 Rd2 35. Be4 f5 36. Bb1 c2 37. Ba2+ 1-0

[Event "RUS-ch Blitz 2021"]
[Site "Sochi"]
[Date "2021.10.11"]
[Round "2.13"]
[White "Pridorozhni, Aleksei"]
[Black "Ivanov, Alexander Al."]
[Result "1-0"]
[ECO "B07"]
[WhiteElo "2564"]
[BlackElo "2400"]
[Annotator "ChessBase"]
[PlyCount "55"]
[EventDate "2021.10.11"]
[EventType "blitz"]
[EventCountry "RUS"]
[SourceTitle "playchess.com"]
[Source "ChessBase"]
[SourceQuality "1"]
[TimeControl "180+2"]

1. e4 d6 2. d4 Nf6 3. f3 c6 4. c4 e5 5. d5 Be7 6. Nc3 O-O 7. Be3 c5 8. Nge2 Nbd7 9. Qd2 h6 10. g4 Nh7 11. Ng3 Bg5 12. Nf5 Bxe3 13. Qxe3 Ndf6 14. h4 Bxf5 15. exf5 e4 16. Nxe4 Nxe4 17. fxe4 Re8 18. O-O-O Nf6 19. g5 hxg5 20. hxg5 Nxe4 21. f6 Nxf6 22. Qh3 Kf8 23. gxf6 Qxf6 24. Qh8+ Ke7 25. Re1+ Kd7 26. Bh3+ Kc7 27. Rxe8 Qg6 28. Qxg7 1-0

[Event "RUS-ch Blitz 2021"]
[Site "Sochi"]
[Date "2021.10.11"]
[Round "2.14"]
[White "Musalov, Ruslan"]
[Black "Antipov, Mikhail Al."]
[Result "0-1"]
[ECO "E62"]
[WhiteElo "2342"]
[BlackElo "2619"]
[Annotator "ChessBase"]
[PlyCount "130"]
[EventDate "2021.10.11"]
[EventType "blitz"]
[EventCountry "RUS"]
[SourceTitle "playchess.com"]
[Source "ChessBase"]
[SourceQuality "1"]
[TimeControl "180+2"]

1. Nf3 Nf6 2. d4 g6 3. g3 Bg7 4. Bg2 O-O 5. O-O d6 6. c4 Bf5 7. Nc3 Ne4 8. Nh4 Nxc3 9. bxc3 Bc8 10. Rb1 c6 11. f4 Qa5 12. Qb3 Nd7 13.
Qa3 Qxa3 14. Bxa3 Nb6 15. Rb4 Be6 16. c5 dxc5 17. dxc5 Bxc3 18. cxb6 axb6 19. Re4 Rxa3 20. f5 Bc8 21. fxg6 hxg6 22. Rxe7 Bb4 23. Re4 Bc5+ 24. Kh1 Rxa2 25. Bf3 Bh3 26. Bg2 Bxg2+ 27. Kxg2 b5 28. Nf3 Ra4 29. Nd2 Rxe4 30. Nxe4 Be7 31. Rd1 Rd8 32. Rb1 Rd4 33. Kf3 f5 34. Nc3 Kf7 35. e3 Rc4 36. Ne2 b4 37. Nd4 c5 38.
Nb5 g5 39. h3 g4+ 40. hxg4 fxg4+ 41. Ke2 Rc2+ 42. Kd3 Rg2 43.
Nc7 Bd6 44. Rf1+ Ke7 45. Nd5+ Ke6 46. Ke4 Be5 47. Rf5 Bxg3 48. Rf6+ Kd7 49. Nb6+ Kc7 50. Kd5 Rc2 51. Nc4 b5 52. Rf7+ Kd8 53. Nb6 b3 54. Ke6 Rd2 55. Nd5 Rxd5 56. Kxd5 b2 57. Rf8+ Ke7 58. Rf1 c4 59. Kd4 Bh4 60. e4 Bf6+ 61. e5 Bxe5+ 62. Kxe5 c3 63. Rb1 c2 64. Rxb2 c1=Q 65. Rxb5 Qg5+ 0-1

[Event "RUS-ch Blitz 2021"]
[Site "Sochi"]
[Date "2021.10.11"]
[Round "2.15"]
[White "Afanasiev, Nikita"]
[Black "Grebnev, Aleksey"]
[Result "1-0"]
[ECO "A22"]
[WhiteElo "2560"]
[BlackElo "2469"]
[Annotator "ChessBase"]
[PlyCount "165"]
[EventDate "2021.10.11"]
[EventType "blitz"]
[EventCountry "RUS"]
[SourceTitle "playchess.com"]
[Source "ChessBase"]
[SourceQuality "1"]
[TimeControl "180+2"]

1. c4 Nf6 2. Nc3 e5 3. g3 d5 4. cxd5 Nxd5 5. Bg2 Nb6 6. e3 Be7 7. Nge2 O-O 8. O-O Nc6 9. f4 Rb8 10. fxe5 Nxe5 11. d4 Ng6 12. Nf4 c5 13. Ne4 cxd4 14. exd4 Bd7 15. d5 Bb5 16. Re1 Bb4 17. Bd2 Bxd2 18. Qxd2 Nxf4 19. Qxf4 Nxd5 20. Qf2 Bc6 21. Rad1 Qa5 22. Nd6 Nf6 23. Bxc6 bxc6 24. b3 h6 25. Nc4 Qb5 26. Re5 Qb4 27. Qf3 Nd5 28. Kg2 Rfe8 29. Rde1 Rxe5 30. Rxe5 Rd8 31. Re2 a5 32. Ne5 Rf8 33. Nxc6 Qc5 34. Ne5 Qd6 35. Nc4 Qd7 36. Rd2 Rd8 37. Kh1 Qe6 38. Ne3 Nxe3 39. Rxd8+ Kh7 40. Rd4 Nf5 41. Qe4 Qf6 42. Rd2 g6 43. Kg2 Qc3 44. Re2 Qc5 45. Qe5 Qc6+ 46. Qe4 Qc5 47. Qd3 Qc6+ 48. Qe4 Qc5 49. g4 Nd6 50. Qf3 Qd4 51. h3 a4 52. bxa4 Qxa4 53.
Rd2 Qb4 54. Rd5 Qb8 55. a4 Kg8 56. a5 Nc4 57. a6 Qb2+ 58.
Kg3 Qb8+ 59. Kf2 Qa7+ 60. Kg3 Qxa6 61. Rd8+ Kg7 62. Rd4 Ne5 63. Qe3 Qf6 64. Re4 Nc6 65. Qc5 Nd8 66. Qe5 Qxe5+ 67. Rxe5 Ne6 68. Kf3 Kf6 69. Ra5 Ng5+ 70. Kg3 Ne6 71. h4 Kg7 72. Kf3 Kf6 73. Ke4 Nd8 74. Ra6+ Ne6 75. Rb6 Kg7 76. Ke5 Nf8 77. Rd6 Nh7 78. Ra6 Nf8 79. Ra7 Ne6 80. Kd6 Kf6 81. Kd7 Ng7 82. Ra5 h5 83. g5# 1-0

[Event "RUS-ch Blitz 2021"]
[Site "Sochi"]
[Date "2021.10.11"]
[Round "2.16"]
[White "Ekdyshman, Mikhail"]
[Black "Kezin, Roman"]
[Result "1/2-1/2"]
[ECO "D43"]
[WhiteElo "2315"]
[BlackElo "2492"]
[Annotator "ChessBase"]
[PlyCount "144"]
[EventDate "2021.10.11"]
[EventType "blitz"]
[EventCountry "RUS"]
[SourceTitle "playchess.com"]
[Source "ChessBase"]
[SourceQuality "1"]
[TimeControl "180+2"]

1. d4 d5 2. c4 e6 3. Nc3 c6 4. Nf3 Nf6 5. a4 Be7 6. e3 O-O 7. Bd3 b6 8. O-O Nbd7 9. Qc2 Bb7 10. a5 dxc4 11. Bxc4 c5 12. a6 Bxf3 13. gxf3 cxd4 14. exd4 Rc8 15. Bd3 e5 16. d5 Nxd5 17. Bxh7+ Kh8 18. Bf5 Rc7 19. Rd1 Nxc3 20. bxc3 Qe8 21. f4 Bc5 22. Qd3 Nf6 23. Qh3+ Kg8 24. Re1 e4 25. Rxe4 Qc6 26. Re1 g6 27. Bg4 Rd8 28. Bf3 Qb5 29. c4 Qxc4 30. Bb2 Qxf4 31. Ra4 Qg5+ 32. Rg4 Qf5 33. Rg3 Qxh3 34. Rxh3 Bd4 35. Rd1 Rcd7 36. Bxd4 Rxd4 37. Re1 R8d7 38. Bb7 Kg7 39. Rc3 Rd8 40. Rc7 R4d7 41. Re7 Rxe7 42. Rxe7 Nd5 43. Bxd5 Rxd5 44. Rxa7 Ra5 45. Ra8 Kf6 46. a7 Ke7 47. Kg2 Ra3 48. Rb8 Rxa7 49. Rxb6 Ra3 50. Rb5 Kf6 51. Rc5 Kg7 52. Rb5 f5 53. Rc5 Kh6 54. Rc4 Kh5 55. h3 Kg5 56. Rb4 Rc3 57. Rd4 Kh5 58. Rb4 g5 59. Rd4 f4 60. Rb4 Kh4 61. Rb7 Kh5 62. Rh7+ Kg6 63. Rb7 Rc5 64. Rb3 Kf5 65. Rd3 Ke4 66. Rb3 Ra5 67. Rc3 Ra1 68. Rc4+ Kf5 69. Rc5+ Kg6 70. Rc3 Kh5 71. Rb3 Rc1 72. Ra3 Rc4 1/2-1/2

[Event "RUS-ch Blitz 2021"]
[Site "Sochi"]
[Date "2021.10.11"]
[Round "2.17"]
[White "Rozum, Ivan"]
[Black "Kyshtymov, Daniil"]
[Result "1-0"]
[ECO "E60"]
[WhiteElo "2529"]
[BlackElo "2109"]
[Annotator "ChessBase"]
[PlyCount "135"]
[EventDate "2021.10.11"]
[EventType "blitz"]
[EventCountry "RUS"]
[SourceTitle "playchess.com"]
[Source "ChessBase"]
[SourceQuality "1"]
[TimeControl "180+2"]

1. b3 Nf6 2. Bb2 g6 3. g3 Bg7 4. Bg2 O-O 5. Nf3 d6 6. d4 Nbd7 7. O-O e5 8. dxe5 Ng4 9. c4 Ngxe5 10. Nc3 Nxf3+ 11. Bxf3 Nc5 12. Qd2 Bh3 13. Rfd1 Qb8 14. Nd5 Nd7 15. Bxg7 Kxg7 16. Qd4+ Ne5 17. Bh1 f6 18. c5 c6 19. Nf4 Bf5 20. cxd6 Rd8 21. Rd2 Nf7 22. Qc5 Rxd6 23. Rad1 Rxd2 24. Rxd2 Qe5 25. Qc1 Rd8 26. Bg2 Rxd2 27. Qxd2 Nd6 28. h4 h5 29. e3 Bg4 30. Nd3 Qe7 31. Nc5 Nf5 32. b4 Nh6 33. a4 Bf5 34. a5 b6 35. Nb3 Bd7 36. Qd4 Nf5 37. Qc3 Qd6 38.
Nd2 Be8 39. Ne4 Qe5 40. Qxe5 fxe5 41. Nd2 bxa5 42. bxa5 Kf6 43. Nb3 Ke6 44. Be4 Nd6 45. Nc5+ Ke7 46. Bd3 Kd8 47. Kf1 Kc7 48. Ke2 Nb7 49. Nxb7 Kxb7 50. Kf3 Kc7 51. Ke4 Kd6 52. f4 exf4 53. Kxf4 Ke6 54. Bc4+ Kf6 55. e4 Bf7 56. e5+ Ke7 57. Bd3 c5 58. Ke4 Be6 59. Bb5 Bf7 60. Bc6 Be6 61. Bd5 Bd7 62. Bc4 Bc6+ 63. Kf4 Kf8 64. Kg5 Kg7 65. Bd3 Be8 66. e6 Bc6 67. Bxg6 Kf8 68.
Kf6 1-0

[Event "RUS-ch Blitz 2021"]
[Site "Sochi"]
[Date "2021.10.11"]
[Round "2.18"]
[White "Vlassow, Valentin"]
[Black "Popov, Valerij"]
[Result "0-1"]
[ECO "C01"]
[WhiteElo "2238"]
[BlackElo "2537"]
[Annotator "ChessBase"]
[PlyCount "84"]
[EventDate "2021.10.11"]
[EventType "blitz"]
[EventCountry "RUS"]
[SourceTitle "playchess.com"]
[Source "ChessBase"]
[SourceQuality "1"]
[TimeControl "180+2"]

1. e4 e6 2. d4 d5 3. exd5 exd5 4. Nf3 Bg4 5. Bd3 Nc6 6. c3 Bd6 7. Nbd2 Qe7+ 8. Qe2 Qxe2+ 9. Bxe2 O-O-O 10. O-O Re8 11. Bb5 Nge7 12. h3 Bh5 13. Ne5 f6 14. Nxc6 Nxc6 15. Nb3 Be2 16. Bxe2 Rxe2 17. Rb1 Rhe8 18. Bd2 Na5 19. Nxa5 Rxd2 20. Nb3 Rc2 21. Na1 Rce2 22. Rfd1 h5 23. Kf1 Kd7 24. Re1 Rxe1+ 25. Rxe1 Ra8 26. Nc2 c6 27. Ne3 g6 28. Nc2 a5 29. a4 Ra6 30. Re2 Rb6 31. Ne1 Ra6 32. Nd3 b6 33.
g4 hxg4 34. hxg4 Ra8 35. Kg2 Rh8 36. Re1 Rh2+ 37. Kf3 c5 38.
dxc5 bxc5 39. Rd1 Kc6 40. Re1 Rh3+ 41. Ke2 c4 42. Nc1 Bf4 0-1

[Event "RUS-ch Blitz 2021"]
[Site "Sochi"]
[Date "2021.10.11"]
[Round "2.19"]
[White "Zubritskiy, Artyom"]
[Black "Ivlev, Aleksey"]
[Result "1-0"]
[ECO "A12"]
[WhiteElo "2442"]
[BlackElo "2315"]
[Annotator "ChessBase"]
[PlyCount "83"]
[EventDate "2021.10.11"]
[EventType "blitz"]
[EventCountry "RUS"]
[SourceTitle "playchess.com"]
[Source "ChessBase"]
[SourceQuality "1"]
[TimeControl "180+2"]

1. c4 c6 2. Nf3 d5 3. b3 Nf6 4. Bb2 Bf5 5. d3 e6 6. Nh4 Bg4 7. h3 Bh5 8. g4 Bg6 9. Bg2 Nbd7 10. Nd2 Bd6 11. Nxg6 hxg6 12. e3 Qe7 13. a3 O-O-O 14. Qc2 Kb8 15. b4 Bc7 16. O-O-O g5 17. Nf3 Ne8 18. Kb1 f6 19. Nd4 e5 20. Nf5 Qf7 21. cxd5 cxd5 22. Rc1 g6 23. Ng3 Rc8 24. Qb3 Nb6 25.
Ne4 Nd6 26. Nc5 e4 27. dxe4 Nbc4 28. Rhd1 dxe4 29. Bxe4 Nxe4 30.
Nd7+ Ka8 31. Qxc4 Qxc4 32. Rxc4 Nxf2 33. Rdc1 Nxh3 34. Rxc7 Rxc7 35. Rxc7 Nf2 36. Bxf6 Re8 37. Bxg5 Nxg4 38. Nf6 Nxf6 39. Bxf6 Kb8 40. Re7 Rf8 41. Be5+ Ka8 42. Rg7 1-0

[Event "RUS-ch Blitz 2021"]
[Site "Sochi"]
[Date "2021.10.11"]
[Round "2.21"]
[White "Zakhartsov, Vladimir"]
[Black "Kononenko, Dmitry"]
[Result "1-0"]
[ECO "D45"]
[WhiteElo "2514"]
[BlackElo "2613"]
[Annotator "ChessBase"]
[PlyCount "53"]
[EventDate "2021.10.11"]
[EventType "blitz"]
[EventCountry "RUS"]
[SourceTitle "playchess.com"]
[Source "ChessBase"]
[SourceQuality "1"]
[TimeControl "180+2"]

1. d4 d5 2. c4 c6 3. Nc3 Nf6 4. Nf3 e6 5. e3 Nbd7 6. Be2 dxc4 7. a4 Bb4 8.
Bxc4 O-O 9. O-O Qe7 10. Qb3 a5 11. e4 e5 12. Bg5 exd4 13.
Nxd4 Nc5 14. Qc2 h6 15. Bh4 g5 16. Bg3 Ncxe4 17. Rfe1 Bxc3 18. bxc3 Qc5 19. Qd3 Nxg3 20. Qg6+ Kh8 21. Qxf6+ Kh7 22. Bd3+ Kg8 23. hxg3 Qxc3 24. Rad1 c5 25. Qxh6 f5 26. Qg6+ Kh8 27. Re7 1-0

[Event "RUS-ch Blitz 2021"]
[Site "Sochi"]
[Date "2021.10.11"]
[Round "2.22"]
[White "Nuristani, Iman"]
[Black "Bocharov, Dmitry"]
[Result "0-1"]
[ECO "D01"]
[WhiteElo "2171"]
[BlackElo "2517"]
[Annotator "ChessBase"]
[PlyCount "94"]
[EventDate "2021.10.11"]
[EventType "blitz"]
[EventCountry "RUS"]
[SourceTitle "playchess.com"]
[Source "ChessBase"]
[SourceQuality "1"]
[TimeControl "180+2"]

1. d4 Nf6 2. Bg5 d5 3. Bxf6 gxf6 4. e3 c5 5. Nc3 Nc6 6. a3 cxd4 7. exd4 Bf5 8. Bd3 Bg6 9. Nge2 e6 10. h4 Bd6 11. h5 Bxd3 12. Qxd3 f5 13. g3 a6 14. Nd1 Qc7 15. Ne3 O-O-O 16. O-O-O Kb8 17. Kb1 Rc8 18. c4 dxc4 19. Nxc4 Nb4 20. axb4 Qxc4 21. d5 e5 22. Rh4 Qxd3+ 23. Rxd3 Rhg8 24. Rf3 Rg5 25. Re3 f6 26. Rc3 Rd8 27. Ka2 Rgg8 28. Rf3 Rg5 29. Ng1 e4 30. Rb3 Be5 31. f4 exf3 32. Rxf3 Bxg3 33. Rd4 Be5 34. Rd1 Rg2 35. Nh3 Rxb2+ 36. Ka3 Rh2 37. Nf2 Rxh5 38. Nd3 Bd6 39. Nb2 Rh4 40. Nd3 Rd4 41. Rxf5 Bxb4+ 42. Kb3 Be7 43. Kc3 R4xd5 44. Rf3 Bd6 45. Kc4 Be5 46. Rb1 Rd4+ 47. Kc3 Rxd3+ 0-1

[Event "RUS-ch Blitz 2021"]
[Site "Sochi"]
[Date "2021.10.11"]
[Round "2.23"]
[White "Demidov, Mikhail"]
[Black "Babanin, Gleb"]
[Result "1/2-1/2"]
[ECO "A13"]
[WhiteElo "2551"]
[BlackElo "2094"]
[Annotator "ChessBase"]
[PlyCount "122"]
[EventDate "2021.10.11"]
[EventType "blitz"]
[EventCountry "RUS"]
[SourceTitle "playchess.com"]
[Source "ChessBase"]
[SourceQuality "1"]
[TimeControl "180+2"]

1. Nf3 Nf6 2. g3 e6 3. Bg2 d5 4. O-O c5 5. c4 d4 6. e3 Nc6 7. exd4 cxd4 8. Re1 Bd6 9. Na3 O-O 10. Nc2 e5 11. d3 Re8 12. Bg5 Bf5 13.
Rb1 a5 14. a3 h6 15. Bxf6 Qxf6 16. Nh4 Bd7 17. b4 axb4 18. axb4 g5 19. Nf3 Bg4 20. c5 Bf8 21. h3 Bh5 22. Rb2 e4 23. dxe4 d3 24. Rb3 dxc2 25.
Qxc2 Ra1 26. Rxa1 Qxa1+ 27. Rb1 Qa3 28. Rb3 Qa1+ 29. Rb1 Qf6 30.
Nh2 Nd4 31. Qb2 Ne2+ 32. Kf1 Nxg3+ 33. Kg1 Qxb2 34. Rxb2 Nxe4 35. Ng4 Bg7 36. Rb1 f5 37. Ne3 Nxf2 38. Nxf5 Nd3 39. Bxb7 Bg6 40. Bd5+ Kh7 41. Nxg7 Kxg7 42. Rb3 Nf4 43. Bc4 Re1+ 44. Kf2 Rc1 45. Bf1 Rc2+ 46. Ke1 Bf7 47. Rb1 Ba2 48. Ra1 Nd5 49. b5 Nb4 50. c6 Be6 51. Rb1 Nxc6 52. bxc6 Rxc6 53. Kf2 Rc3 54. Rb7+ Kf6 55. Rb6 Kf5 56. Rb5+ Kf4 57. Rb4+ Ke5 58. Rb5+ Kd6 59. Rb6+ Rc6 60. Rxc6+ Kxc6 61. Kg3 Kd6 1/2-1/2

[Event "RUS-ch Blitz 2021"]
[Site "Sochi"]
[Date "2021.10.11"]
[Round "2.24"]
[White "Maltsevskaya, Aleksandra"]
[Black "Savchenko, Boris"]
[Result "0-1"]
[ECO "B55"]
[WhiteElo "2411"]
[BlackElo "2535"]
[Annotator "ChessBase"]
[PlyCount "76"]
[EventDate "2021.10.11"]
[EventType "blitz"]
[EventCountry "RUS"]
[SourceTitle "playchess.com"]
[Source "ChessBase"]
[SourceQuality "1"]
[TimeControl "180+2"]

1. e4 c5 2. Nf3 d6 3. d4 cxd4 4. Nxd4 Nf6 5. f3 e5 6. Nb3 a5 7. Be3 a4 8. N3d2 d5 9. Bb5+ Nc6 10. O-O d4 11. Bf2 Qb6 12. Qe2 Ra5 13.
Bd3 Qxb2 14. Nc4 Qxa1 15. Nxa5 Nxa5 16. Bb5+ Bd7 17. Bxd7+ Nxd7 18. Qb5 Nc6 19. Qxb7 Nd8 20. Qb5 Qxa2 21. c3 Bc5 22. cxd4 exd4 23. Rd1 Qb3 24. Qe2 O-O 25. Nd2 Qc2 26. Qe1 d3 27. Rc1 Bxf2+ 28. Kxf2 Qb2 29. Rb1 Qa2 30. Ra1 Qe6 31. Rxa4 Nc6 32. Qe3 Nde5 33. h3 Qf6 34. Kg1 g5 35. Ra3 h6 36. Ra6 Qf4 37. Qf2 Rb8 38.
g3 Qxd2 0-1